 Dungeon Crawl Stone Soup version 0.27-a0-1555-g0e7b3fb1d2 (webtiles) character file.

Game seed: 12366574704389332643

3315 nyamberluvr69 the Cleaver (level 9, -1/81 (90) HPs)
             Began as a Minotaur Berserker on July 15, 2021.
             Was an Elder of Trog.
             Slain by a wight (13 damage)
             ... on level 8 of the Dungeon.
             The game lasted 00:08:53 (9518 turns).

nyamberluvr69 the Cleaver (Minotaur Berserker)      Turns: 9518, Time: 00:08:54

HP:   -1/81 (90)    AC: 10    Str: 26    XL:     9   Next: 70%
MP:   8/8           EV:  5    Int:  4    God:    Trog [****..]
Gold: 438           SH:  7    Dex:  9    Spells: 8/8 levels left

rFire    . . .     SeeInvis .   D - +0 war axe
rCold    + . .     Faith    .   c - +0 kite shield
rNeg     . . .     Spirit   .   B - +0 chain mail
rPois    .         Reflect  .   (helmet restricted)
rElec    .         Harm     .   o - scarf {+Inv}
rCorr    +         Rampage  .   G - +1 pair of gloves
Will     ++...                  (no boots)
Stlth    ..........             (no amulet)
HPRegen  1.23/turn              i - ring of resist corrosion
MPRegen  0.11/turn              y - ring of protection from cold

@: strong-willed, on berserk cooldown, attractive, regenerating, slowed, heavily
drained, very slow
A: horns 2, retaliatory headbutt
a: Renounce Religion, Evoke Invisibility, Berserk, Trog's Hand, Brothers in Arms


You were on level 8 of the Dungeon.
You worshipped Trog.
Trog was greatly pleased with you.
You visited 1 branch of the dungeon, and saw 8 of its levels.

You collected 438 gold pieces.

Inventory:

Hand Weapons
 D - a +0 war axe (weapon)
Missiles
 E - 5 throwing nets (quivered)
Armour
 c - a +0 kite shield (worn)
 o - a scarf of invisibility (worn)
 B - a +0 chain mail (worn)
 G - a +1 pair of gloves (worn)
Jewellery
 i - a ring of resist corrosion (left hand)
 s - a ring of magical power
 y - a ring of protection from cold (right hand)
Wands
 b - a wand of digging (7)
 v - a wand of flame (2)
 z - a wand of polymorph (6)
 H - a wand of paralysis (3)
Scrolls
 d - 3 scrolls of amnesia {unknown}
 f - 5 scrolls of teleportation {unknown}
 g - 3 scrolls of enchant armour {unknown}
 h - 2 scrolls of noise {unknown}
 k - 4 scrolls of identify {unknown}
 m - a scroll of fear {unknown}
 r - 2 scrolls of vulnerability {unknown}
 w - a scroll of acquirement {unknown}
 C - 2 scrolls of magic mapping {unknown}
Potions
 e - 3 potions of attraction
 j - a potion of lignification {unknown}
 l - a potion of heal wounds {unknown}
 n - a potion of ambrosia {unknown}
 p - 3 potions of curing {unknown}
 q - a potion of berserk rage {unknown}
 t - a potion of degeneration {unknown}
 u - 2 potions of mutation {unknown}
 x - a potion of flight {unknown}
 A - a potion of brilliance {unknown}
 F - a potion of might {unknown}


   Skills:
 + Level 11.9 Fighting
 + Level 11.9 Axes
 - Level 2.4 Armour
 - Level 2.1 Dodging


You had 8 spell levels left.
You didn't know any spells.
Your spell library was empty.

Dungeon Overview and Level Annotations

Branches:
Dungeon (8/15)             Temple (0/1) D:7            Lair (0/6) D:8

Altars:
Ashenzari
Elyvilon
Fedhas
Kikubaaqudgha
Okawaru
Trog
Uskayaw
Xom


Innate Abilities, Weirdness & Mutations

You have a pair of horns on your head.
You reflexively headbutt those who attack you in melee.


Message History

The wight barely misses you. You furiously retaliate!
You headbutt the wight, but do no damage.
The wight barely misses you. You furiously retaliate!
You headbutt the wight!
You are too injured to fight recklessly!
The wight hits you but does no damage. The wight hits you with a +0 battleaxe!
* * * LOW HITPOINT WARNING * * *
The wight hits you with a +2 scimitar.
* * * LOW HITPOINT WARNING * * *
Items here: ))) ††.
The wight hits you but does no damage.
Items here: )) / [ †.
Items here: $ ) ? [.
Your skin crawls.
You feel strong-willed. The wight hits you with a +2 scimitar.
* * * LOW HITPOINT WARNING * * *
The wight hits you but does no damage.
Unknown command.
Okay, then.
Aiming: Paralyse
Press: ? - help, Shift-Dir - straight line, f - wight
Aim: a wight, wielding a +0 quarterstaff and wearing a +0 robe (chance to affect: 46%)
The wight resists with some effort.
You block the wight's attack. The wight completely misses you.
The wight barely misses you.
You hit the wight.
The wight is lightly damaged.
You barely miss the wight.
The wight hits you with a +0 quarterstaff.
* * * LOW HITPOINT WARNING * * *
You block the wight's attack. The wight hits you but does no damage.
The wight hits you with a +2 scimitar.
* * * LOW HITPOINT WARNING * * *
You feel drained.
* * * LOW HITPOINT WARNING * * *
Okay, then.
Unknown command.
It was a potion of attraction.
You feel attractive to monsters. The wight hits you with a +2 scimitar!
You die...

#.>...#....
###........ #
#.#.#.### .#
#.#.#.# ##.# #.#...
... #.#.## ..#
##...)###..#### ###
#.............#
#...#######@...##..
#...≈))z#.......
....#.))#z...#####
. #..P##....#
#.........#..#
#≈...>.P.≈#..#
#....P...$#..#
...##.P.##....#
.... #...# ....


You could see 2 wights.

Vanquished Creatures
  Harold (D:8)
  Sigmund (D:4)
  A water moccasin (D:5)
  Duvessa (D:4)
  2 ice beasts
  An orc warrior (D:7)
  A black bear (D:6)
  3 sky beasts (D:6)
  2 necrophages
  An ogre (D:5)
  2 centaurs (D:6)
  Dowan (D:4)
  A scorpion (D:5)
  A water moccasin skeleton (D:5)
  An electric eel (D:7)
  A wight (D:6)
  2 howler monkeys
  A lava snake (D:7)
  2 bullfrog zombies
  2 orc priests (D:7)
  A bullfrog skeleton (D:6)
  2 gnoll shamans
  3 iguanas
  8 orc wizards
  A hound skeleton (D:5)
  A howler monkey zombie (D:7)
  10 adders
  9 gnolls
  A shadow imp (D:6)
  2 white imps (D:7)
  An adder skeleton (D:4)
  A worm (D:2)
  A dart slug (D:1)
  17 orcs
  5 ball pythons
  13 endoplasms
  5 giant cockroaches
  6 goblins
  5 hobgoblins
  5 jackals
  13 kobolds
  5 quokkas
  12 bats
  5 frilled lizards
  3 rats
163 creatures vanquished.

Vanquished Creatures (others)
  6 fungi (D:8)
  13 plants
19 creatures vanquished.

Grand Total: 182 creatures vanquished

Notes
Turn   | Place    | Note
-------+----------+-------------------------------------------
     0 | D:1      | nyamberluvr69 the Minotaur Berserker began the quest for
                  | the Orb.
     0 | D:1      | Reached XP level 1. HP: 19/19 MP: 0/0
   127 | D:1      | Reached XP level 2. HP: 27/27 MP: 1/1
   566 | D:1      | Reached XP level 3. HP: 34/34 MP: 2/2
   622 | D:1      | Reached ** piety under Trog
   634 | D:1      | Found a faded altar of an unknown god.
  1763 | D:2      | Reached XP level 4. HP: 32/41 MP: 3/3
  1765 | D:2      | Reached skill level 5 in Fighting
  1765 | D:2      | Reached skill level 5 in Axes
  2448 | D:3      | Found a bloodstained altar of Trog.
  2717 | D:3      | Reached XP level 5. HP: 44/48 MP: 4/4
  3388 | D:3      | Reached *** piety under Trog
  3829 | D:4      | Noticed Duvessa
  3833 | D:4      | Noticed Dowan
  3836 | D:4      | Killed Duvessa
  3837 | D:4      | Reached XP level 6. HP: 36/58 MP: 5/5
  3841 | D:4      | Killed Dowan
  4072 | D:4      | Noticed Sigmund
  4085 | D:4      | Killed Sigmund
  4086 | D:4      | Reached XP level 7. HP: 40/66 MP: 6/6
  4660 | D:4      | Found a hide-covered altar of Uskayaw.
  4972 | D:5      | Entered Level 5 of the Dungeon
  5901 | D:5      | Reached XP level 8. HP: 66/75 MP: 7/7
  6952 | D:6      | Identified the +0 leather armour of Bespelled Wonder {rElec
                  | Str+8 Dex-2 SInv}
  7414 | D:6      | Reached skill level 10 in Fighting
  7414 | D:6      | Reached skill level 10 in Axes
  7871 | D:6      | Found an iron altar of Okawaru.
  7871 | D:6      | Found an ancient bone altar of Kikubaaqudgha.
  7871 | D:6      | Found a shimmering altar of Xom.
  8227 | D:7      | Found a staircase to the Ecumenical Temple.
  8339 | D:7      | Reached XP level 9. HP: 49/85 MP: 8/8
  8507 | D:7      | Reached **** piety under Trog
  9201 | D:7      | Found a broken altar of Ashenzari.
  9213 | D:7      | Found a blossoming altar of Fedhas.
  9213 | D:7      | Found a white marble altar of Elyvilon.
  9350 | D:8      | Identified the +8 rapier "Zozeuvutygg" {holy, Int+4}
  9409 | D:8      | Noticed Harold
  9422 | D:8      | Killed Harold
  9496 | D:8      | Found a staircase to the Lair.
  9518 | D:8      | Slain by a wight

Illustrated notes

Levels and vault maps discovered:
D:1:      minmay_arrival_widening_spiral_wide, layout_basic,
          shapermc_ecumenical_altar_mp_highgroup, minmay_close_crescents
D:2:      layout_loops_ring, serial_forest, infiniplex_forest_clump_large,
          infiniplex_forest_straight_4, infiniplex_forest_zigzag_1,
          infiniplex_forest_clump_C, infiniplex_forest_split,
          infiniplex_forest_lined_3, infiniplex_forest_clump_small,
          minmay_tetromino_i4
D:3:      layout_loops_ring, bloody_trog
D:4:      layout_basic, eat_drink_and_be_merry_uskayaw,
          minmay_goblin_kobold_house, uniq_duvessa, uniq_sigmund
D:5:      layout_basic, due_unseen_surprise
D:6:      wad_crossroads, layout_basic, gammafunk_temple_overflow_claw,
          serial_glass, glass_columns_a, glass_columns_a,
          chequers_serial_rivers_room_b
D:7:      layout_rooms, gammafunk_temple_overflow_forgotten,
          minmay_temple_entry_overgrown, nicolae_lava_and_water,
          chequers_garden, serial_bayou_ford_a
D:8:      layout_loops_cross, dpeg_oklobed_lair, serial_shops, shop,
          uniq_harold, uniq_joseph, uniq_gastronok

Skill      XL: |  1  2  3  4  5  6  7  8  9 |
---------------+----------------------------+-----
Fighting       | 4 5 6 7 8 10 11 | 11.9
Axes           | 4 5 6 7 8 10 11 | 11.9
Armour         | |  2.4
Dodging        | |  2.1

Action                   |  1- 3 |  4- 6 |  7- 9 || total
-------------------------+-------+-------+-------++-------
Melee: Hand axe          |    81 |    98 |   167 ||   346
       Headbutt          |    12 |    17 |    60 ||    89
       War axe           |       |       |    96 ||    96
Invok: Berserk           |     1 |     5 |     7 ||    13
       Trog's Hand       |       |     1 |     3 ||     4
Evoke: Wand              |       |       |     1 ||     1
  Use: Potion            |       |       |     1 ||     1
 Stab: Distracted        |     1 |       |       ||     1
       Sleeping          |     1 |       |       ||     1
Armor: Animal skin       |    19 |    15 |     8 ||    42
       Chain mail        |       |       |   112 ||   112
Dodge: Dodged            |    38 |    40 |    62 ||   140
Block: Kite shield       |    28 |    40 |    75 ||   143

Table legend: (Time is in decaauts)
 A = Elapsed time spent in this place.
 B = Non-inter-level travel time spent in this place.
 C = Inter-level travel time spent in this place.
 D = Time resting spent in this place.
 E = Time spent auto-exploring this place.
 F = Levels seen in this place.
 G = Mean time per level.
                   A        B        C        D        E       F      G
               +--------+--------+--------+--------+--------+-----+--------+
         Total |   9744 |   9510 |    234 |   1244 |   7183 |   8 | 1218.0 |
       Dungeon |   9744 |   9510 |    234 |   1244 |   7183 |   8 | 1218.0 |
               +--------+--------+--------+--------+--------+-----+--------+

Top non-repeatable levels by time:
     D:6: 1782 daAuts
     D:5: 1525 daAuts
     D:2: 1506 daAuts
     D:4: 1352 daAuts
     D:3: 1237 daAuts
     D:7: 1157 daAuts
     D:1: 993 daAuts
     D:8: 190 daAuts
